 Dungeon Crawl Stone Soup version 0.29-a0-730-g5686a2c4f1 (webtiles) character file.

Game seed: 17503671985366233847

16 greasedhog the Shooter (level 2, -4/23 HPs)
             Began as a Formicid Hunter on June 29, 2022.
             Slain by Sigmund
             ... wielding a +0 scythe
              (5 damage)
             ... on level 2 of the Dungeon.
             The game lasted 00:02:57 (865 turns).

greasedhog the Shooter (Formicid Hunter)             Turns: 865, Time: 00:02:58

Health: -4/23      AC:  3    Str: 15    XL:     2   Next: 70%
Magic:  2/2        EV: 10    Int:  8    God:
Gold:   98         SH:  0    Dex: 17    Spells: 1/1 levels left

rFire   . . .      SeeInvis +   a - +0 shortbow
rCold   . . .      Faith    .   k - +0 kite shield
rNeg    . . .      Spirit   .   c - +0 leather armour
rPois   .          Reflect  .   (helmet unavailable)
rElec   .          Harm     .   (no cloak)
rCorr   .          Rampage  .   (no gloves)
Will    .....                   (no boots)
Stlth   +.........              (no amulet)
HPRegen 0.07/turn               (no ring)
MPRegen 0.08/turn               (no ring)

@: confused
A: permanent stasis, dig shafts and tunnels, antennae 3, four strong arms
a: Dig, Shaft Self


You were on level 2 of the Dungeon.
You visited 1 branch of the dungeon, and saw 2 of its levels.

You collected 98 gold pieces.

Inventory:

Hand Weapons
 a - a +0 shortbow (weapon)
Armour
 c - a +0 leather armour (worn)
 k - a +0 kite shield (worn)
Scrolls
 b - a scroll of immolation
 h - a scroll of identify
 j - a scroll of fear
 l - a scroll of amnesia {unknown}
 m - a scroll of noise {unknown}
 n - a scroll of enchant weapon {unknown}
Potions
 d - 2 potions of ambrosia {unknown}
 f - a potion of brilliance {unknown}
 g - a potion of flight {unknown}
 i - a potion of heal wounds {unknown}


   Skills:
 * Level 2.6 Fighting
 * Level 4.2 Ranged Weapons
 - Level 1.7 Dodging
 * Level 2.0 Stealth
 * Level 0.3 Shields


You had one spell level left.
You didn't know any spells.
Your spell library was empty.

Dungeon Overview and Level Annotations

Branches:
Dungeon (2/15)

Altars:

Annotations:
D:2 Sigmund


Innate Abilities, Weirdness & Mutations

You cannot be hasted, slowed, berserked, paralysed or teleported.
You can dig through walls and to a lower floor.
You have a pair of large antennae on your head. (SInv)
Your four strong arms can wield two-handed weapons with a shield.


Message History

You are too confused!
You are too confused!
You are too confused!
Non-targeted confused throw: throwing net
Press: ? - help, Q - select action, (/) - cycle Dir - look around, f - activate Look: Sigmund, wielding a +0 scythe and wearing a +0 robe (moderately wounded)
You throw a throwing net.
Sigmund points at you and mumbles some strange words.
You are more confused.
Non-targeted confused fire: a) +0 shortbow
Press: ? - help, Q - select action, (/) - cycle Dir - look around, f - activate Look: Sigmund, wielding a +0 scythe and wearing a +0 robe (moderately wounded)
You shoot an arrow.
Non-targeted confused fire: a) +0 shortbow
Press: ? - help, Q - select action, (/) - cycle Dir - look around, f - activate Look: Sigmund, wielding a +0 scythe and wearing a +0 robe (moderately wounded)
You shoot an arrow.
Sigmund's eyes start glowing with a red light.
Non-targeted confused fire: a) +0 shortbow
Press: ? - help, Q - select action, (/) - cycle Dir - look around, f - activate Look: Sigmund, wielding a +0 scythe and wearing a +0 robe (moderately wounded)
You shoot an arrow.
Sigmund hits you from afar with a +0 scythe!
Non-targeted confused fire: a) +0 shortbow
Press: ? - help, Q - select action, (/) - cycle Dir - look around, f - activate Look: Sigmund, wielding a +0 scythe and wearing a +0 robe (moderately wounded)
You shoot an arrow.
Sigmund hits you from afar with a +0 scythe!
* * * LOW HITPOINT WARNING * * *
Non-targeted confused fire: a) +0 shortbow
Press: ? - help, Q - select action, (/) - cycle Dir - look around, f - activate Look: Sigmund, wielding a +0 scythe and wearing a +0 robe (moderately wounded)
You shoot an arrow. Sigmund barely misses you.
Non-targeted confused fire: a) +0 shortbow
Press: ? - help, Q - select action, (/) - cycle Dir - look around, f - activate Look: Sigmund, wielding a +0 scythe and wearing a +0 robe (moderately wounded)
You shoot an arrow.
Sigmund hits you from afar with a +0 scythe.
You die...

#.## .$(
#..#### #....
##....# .....
####.# #.#...
#.##.....
##.....##..
###..........
#......###.#
#.##(@##
##.........#
#..>>..@..###
#!#......##
..#.)....#
##.....(#
#.g.....#
#.......#
.......<#


You could see Sigmund and a hobgoblin.

Vanquished Creatures
  2 goblins
  2 hobgoblins
  3 kobolds (D:1)
  A ball python (D:2)
  3 bats
  2 frilled lizards (D:1)
  2 rats (D:1)
15 creatures vanquished.

Notes
Turn   | Place    | Note
-------+----------+-------------------------------------------
     0 | D:1      | greasedhog the Formicid Hunter began the quest for the Orb.
     0 | D:1      | Reached XP level 1. HP: 16/16 MP: 1/1
   247 | D:1      | Reached XP level 2. HP: 23/23 MP: 2/2
   740 | D:2      | Noticed Sigmund
   863 | D:2      | HP: 1/23 [Sigmund/+0 scythe (11)]
   865 | D:2      | Slain by Sigmund

Illustrated notes

Levels and vault maps discovered:
D:1:      matt_arrival_diagonals, layout_basic
D:2:      layout_rooms, basic_altar, uniq_sigmund

Skill      XL: |  1  2 |
---------------+-------+-----
Stealth        | 2 |  2.0
Fighting       | |  2.6
Ranged Weapons | |  4.2
Dodging        | |  1.7
Shields        | |  0.3

Action                   || total
-------------------------++-------
 Fire: Shortbow          ||    35
Throw: Throwing net      ||     1
  Use: Scroll            ||     1
Dodge: Dodged            ||     2
Block: Kite shield       ||     3

Table legend: (Time is in decaauts)
 A = Elapsed time spent in this place.
 B = Non-inter-level travel time spent in this place.
 C = Inter-level travel time spent in this place.
 D = Time resting spent in this place.
 E = Time spent auto-exploring this place.
 F = Levels seen in this place.
 G = Mean time per level.
                   A        B        C        D        E       F      G
               +--------+--------+--------+--------+--------+-----+--------+
         Total |    879 |    839 |     40 |      0 |    708 |   2 |  439.5 |
       Dungeon |    879 |    839 |     40 |      0 |    708 |   2 |  439.5 |
               +--------+--------+--------+--------+--------+-----+--------+

Top non-repeatable levels by time:
     D:1: 788 daAuts
     D:2: 90 daAuts
